cohdb
Replays
Latest Replays
All Replays
Popular Replays
Top Player Replays
Match Explorer
How It Works
Community
CoH3 Stats
Reddit
Sign in to upload your games and track your stats! →
Sign in with Steam
Match 42279407
Unlisted
Match 42279407
Overview
Messages
Build Orders
End
Construct Infanterie Kompanie
Kettenkrad Recon Vehicle
MG 42 Machine Gun Team
MG 42 Machine Gun Team
MG 42 Machine Gun Team
GrW 34 Mortar Team
Construct Panzergrenadier Kompanie
251 Medium Carrier
251 Medium Carrier
Selects Mechanized Battlegroup
Selects Mechanized Battlegroup
Selects Mobile Repair Stations
Pak 40 Anti-tank Gun Team
Selects Raid Package
Panzergrenadier Squad
Support Elements
Nebelwerfer 42 Rocket Launcher Team
Ecompany1942
limbo
nop.8
Voodoo408
Dingo Enjoyer
Adelfos88
Swat5.1
!Yes, I Still Hating My Mates31
0
0
Comments
sign in to comment!
No comments posted yet!